 Dungeon Crawl Stone Soup version 0.30-a0-4-ga7cffc901d (webtiles) character file.

Game seed: 17242036216996409300

9 Setbun the Cutter (level 2, -1/19 HPs)
             Began as a Kobold Berserker on Aug 20, 2022.
             Was a Follower of Trog.
             Slain by a kobold
             ... wielding a +0 dagger
              (3 damage)
             ... on level 1 of the Dungeon.
             The game lasted 00:00:24 (549 turns).

Setbun the Cutter (Kobold Berserker)                 Turns: 549, Time: 00:00:24

Health: -1/19      AC:  2    Str: 14    XL:     2   Next: 20%
Magic:  2/2        EV: 15    Int:  8    God:    Trog [*.....]
Gold:   3          SH:  0    Dex: 14    Spells: 1/1 levels left

rFire   . . .      SeeInvis .    a - +0 short sword
rCold   . . .      Faith    .    (no shield)
rNeg    . . .      Spirit   .    b - +0 animal skin
rPois   .          Reflect  .    (no helmet)
rElec   .          Harm     .    (no cloak)
rCorr   .          Rampage  .    (no gloves)
Will    .....                    (no boots)
Stlth   +++.......               (no amulet)
HPRegen 0.06/turn                (no ring)
MPRegen 0.08/turn                (no ring)

@: no status effects
A: small, no large weapons, nightstalker 3
a: Renounce Religion, Berserk


You were on level 1 of the Dungeon.
You worshipped Trog.
Trog was aware of your devotion.
You visited 1 branch of the dungeon, and saw 1 of its levels.

You collected 3 gold pieces.

Inventory:

Hand Weapons
 a - a +0 short sword (weapon)
Armour
 b - a +0 animal skin (worn)
Jewellery
 d - a ring of positive energy
Scrolls
 e - a scroll of fear {unknown}
Potions
 c - a potion of cancellation {unknown}
 f - a potion of berserk rage {unknown}


   Skills:
 + Level 3.4 Fighting
 * Level 4.3 Short Blades
 - Level 1.5 Armour
 + Level 2.6 Dodging
 + Level 0.9 Stealth


You had one spell level left.
You didn't know any spells.
Your spell library was empty.

Dungeon Overview and Level Annotations

Branches:
Dungeon (1/15)

Altars:


Innate Abilities, Weirdness & Mutations

You are small and have problems with some larger weapons.
You are completely attuned to the shadows.


Message History

A kobold comes into view. It is wielding a +0 dagger.
A kobold is nearby!
A kobold is nearby!
A goblin comes into view. It is wielding a +0 club.
The kobold shouts!
The goblin shouts!
You hear an angry hiss.
You hear a shout!
You closely miss the kobold. The kobold barely misses you.
You hit the kobold but do no damage. The kobold hits you with a +0 dagger.
You hit the goblin but do no damage. You barely miss the goblin.
The kobold misses you. The goblin misses you.
You barely miss the goblin. The kobold hits you with a +0 dagger.
The goblin hits you with a +0 club.
You hit the goblin.
The goblin is moderately wounded.
The kobold closely misses you. The goblin hits you but does no damage.
You hit the goblin.
The goblin is almost dead.
The kobold hits you with a +0 dagger. The goblin misses you.
You are too injured to fight recklessly!
There are monsters nearby!
There are monsters nearby!
You are too injured to fight recklessly!
You barely miss the goblin.
The goblin is almost dead.
The kobold barely misses you. The goblin misses you.
You hit the goblin.
You kill the goblin!
Trog accepts your kill. The kobold closely misses you.
The kobold hits you with a +0 dagger.
You see here a +0 club.
You completely miss the kobold. The kobold hits you with a +0 dagger.
* * * LOW HITPOINT WARNING * * *
You closely miss the kobold. You barely miss the kobold.
The kobold hits you with a +0 dagger.
* * * LOW HITPOINT WARNING * * *
You barely miss the kobold. The kobold misses you.
You hit the kobold but do no damage. The kobold misses you.
You closely miss the kobold. The kobold hits you but does no damage.
You hit the kobold but do no damage. The kobold hits you with a +0 dagger.
You die...

......# ##.
.....#####.
........)..
######..#####.
..............### #.
................####.
.....................
............#########
....@.......#
....K.......#
............#
...........##
....#.....##
##########


You could see a kobold.

Vanquished Creatures
  A ball python (D:1)
  3 endoplasms (D:1)
  A goblin (D:1)
  A hobgoblin (D:1)
  A frilled lizard (D:1)
7 creatures vanquished.

Vanquished Creatures (others)
  A ghoul (D:1)
  A minotaur (D:1)
  3 vine stalkers (D:1)
  A troll (D:1)
  2 merfolk (D:1)
  A spriggan (D:1)
  A naga (D:1)
  A tengu (D:1)
  A mummy (D:1)
  A gnoll (D:1)
  An orc (D:1)
  A kobold (D:1)
  11 tentacles (D:1)
26 creatures vanquished.

Grand Total: 33 creatures vanquished

Notes
Turn   | Place    | Note
-------+----------+-------------------------------------------
     0 | D:1      | Setbun the Kobold Berserker began the quest for the Orb.
     0 | D:1      | Reached XP level 1. HP: 14/14 MP: 1/1
     2 | D:1      | Noticed a vine stalker
     2 | D:1      | Noticed a merfolk
     2 | D:1      | Noticed a kraken
     2 | D:1      | Noticed a vine stalker
     2 | D:1      | Noticed a vine stalker
     2 | D:1      | Noticed a spriggan
     2 | D:1      | Killed a vine stalker
     2 | D:1      | Noticed a ghoul
     3 | D:1      | Noticed a minotaur
     3 | D:1      | Noticed a merfolk
     3 | D:1      | Noticed a tengu
     7 | D:1      | Killed a minotaur
     8 | D:1      | Killed a tengu
    10 | D:1      | Killed a merfolk
    10 | D:1      | Killed a ghoul
    11 | D:1      | Killed a merfolk
    13 | D:1      | Killed a vine stalker
    15 | D:1      | Noticed a troll
    16 | D:1      | Killed a spriggan
    19 | D:1      | Killed a vine stalker
    20 | D:1      | Killed a troll
    21 | D:1      | Killed a naga
   218 | D:1      | Found a faded altar of an unknown god.
   229 | D:1      | Reached XP level 2. HP: 5/19 MP: 2/2
   549 | D:1      | Slain by a kobold

Illustrated notes

Levels and vault maps discovered:
D:1:      nicolae_arrival_kraken_aquarium_b, layout_rooms,
          hellmonk_ecumenical_altar_blasted, minmay_ruptured

Action                   || total
-------------------------++-------
Melee: Short sword       ||    33
 Stab: Sleeping          ||     2
Armor: Animal skin       ||     5
Dodge: Dodged            ||    19

Table legend: (Time is in decaauts)
 A = Elapsed time spent in this place.
 B = Non-inter-level travel time spent in this place.
 C = Inter-level travel time spent in this place.
 D = Time resting spent in this place.
 E = Time spent auto-exploring this place.
 F = Levels seen in this place.
 G = Mean time per level.
                   A        B        C        D        E       F      G
               +--------+--------+--------+--------+--------+-----+--------+
         Total |    545 |    545 |      0 |    237 |    248 |   1 |  545.0 |
       Dungeon |    545 |    545 |      0 |    237 |    248 |   1 |  545.0 |
               +--------+--------+--------+--------+--------+-----+--------+

Top non-repeatable levels by time:
     D:1: 545 daAuts
